 Dungeon Crawl Stone Soup version 0.32-a0-163-g159c032296 (webtiles) character file.

Game seed: 13053585213472886317

294 cforsyth the Magician (level 6, -6/39 (46) HPs)
             Began as a Djinni Hexslinger on Feb 12, 2024.
             Killed by an exploding jelly (12 damage)
             ... ignited by their inner flame
             ... on level 4 of the Dungeon.
             The game lasted 00:04:43 (3077 turns).

cforsyth the Magician (Djinni Hexslinger)           Turns: 3077, Time: 00:04:44

HP:   -6/39 (46)    AC:  2    Str:  7    XL:     6   Next: 60%
Gold: 171           EV: 12    Int: 22    God:
                    SH:  5    Dex: 16

rFire   + + .        a - +1 sling
rCold   x . .        (no shield)
rNeg    + . .        c - +0 robe
rPois   ∞            (no helmet)
rElec   .            (no cloak)
rCorr   .            (no gloves)
SInv    .            (boots unavailable)
Will    .....        l - amulet of reflection
Stlth   +            I - +6 ring of intelligence
HPRegen 0.26/turn    N - ring of positive energy
MPRegen 0.00/turn

%: reflection, infuse magic (-7 HP)
@: flying, heavily drained
A: sickness immunity, fire resistance 2, cold vulnerability 1, float, innate
caster, HP casting, extra vitality 1
a: no special abilities


You were on level 4 of the Dungeon.
You visited 1 branch of the dungeon, and saw 4 of its levels.

You collected 171 gold pieces.


Innate Abilities, Weirdness & Mutations

You are immune to sickness and miasma.
You are immune to poison.
Your flesh is very heat resistant. (rF++)
You are vulnerable to cold. (rC-)
You float through the air rather than walking.
You learn spells naturally, not from books.
Your magical power is your life essence.
You have superior vitality. (+4 MHP)


   Skills:
 + Level 3.4 Fighting
 - Level 1.5 Ranged Weapons
 - Level 2.1 Dodging
 * Level 4.8 Spellcasting
 * Level 4.8 Conjurations
 * Level 4.8 Hexes
   Level 0.0 Charms
 * Level 4.8 Summonings
 * Level 4.8 Necromancy
 * Level 4.8 Translocations
   Level 0.0 Transmutations
 * Level 4.8 Fire Magic
 * Level 4.8 Ice Magic
 * Level 4.8 Air Magic
 * Level 4.8 Earth Magic
 * Level 4.8 Alchemy


You knew the following spells:

 Your Spells              Type           Power      Damage    Failure   Level
a - Kiss of Death         Conj/Necr      100%       2d13      1%          1
c - Cause Fear            Hex            13%        N/A       14%         4
f - Inner Flame           Hex/Fire       26%        N/A       4%          3
s - Searing Ray           Conj           52%        2d6       2%          2
X - Jinxbite              Hex            52%        N/A       2%          2
Y - Sigil of Binding      Hex            26%        N/A       4%          3
Z - Dimensional Bullseye  Hex/Tloc       13%        N/A       14%         4
Your spell library was empty.

Inventory:

Hand Weapons
 a - a +1 sling (weapon)
Armour
 c - a +0 robe (worn)
 j - a +0 helmet
Jewellery
 l - an amulet of reflection (around neck)
 I - a +6 ring of intelligence (left hand)
 N - a ring of positive energy (right hand)
Scrolls
 b - a scroll of poison
 d - a scroll of fog
 h - a scroll of identify {unknown}
 m - a scroll of fear
 o - a scroll of teleportation {unknown}
 p - 4 scrolls of blinking {unknown}
 q - a scroll of enchant weapon {unknown}
Potions
 e - a potion of ambrosia {unknown}
 f - a potion of might {unknown}
 g - a potion of cancellation {unknown}
 i - a potion of heal wounds {unknown}
 k - a potion of mutation {unknown}
 n - a potion of curing {unknown}

Dungeon Overview and Level Annotations

Branches:
Dungeon (4/15)
 Temple: D:4-7

Altars:
Elyvilon
Nemelex Xobeh
Wu Jian
The Shining One

Shops:
D:4

= ........## ...#....#
..####### ########## #
#..÷.÷.##########
#PP÷PJP'##......#####
#....J.#)#.......##.#
#P⚑PJJJ#.#..§.....'.##
#.....J#.#.§°@....'..##
#⚑⚑..÷⚑#J#.#J§....)...#
#..÷...#J#.#..[..##...#
#P.....#.#.#....####..##
#÷.....##.#######
#...####### ### ###
##...).)..# ### #####
#.# #...####.# ##.#
#...# #.## #..## .#
##..# ##...## ##.##
##..# .#


You could see an endoplasm.


Message History

Aiming: Inner Flame (dangerous; 4% risk of failure)
Press: ? - help, Dir - move target, f - jelly
Aim: a jelly (chance to affect: 86%)
The jelly is filled with an inner flame.
The jelly hits you.
You are splashed with acid!
* * * LOW HITPOINT WARNING * * *
Unknown command.
You shoot a sling bullet. The sling bullet hits the jelly.
Flame seeps out of the jelly.
The jelly is lightly wounded.
The jelly is engulfed in blazing flames.
Flame seeps out of the jelly.
The jelly hits you.
* * * LOW HITPOINT WARNING * * *
You are splashed with acid!
* * * LOW HITPOINT WARNING * * *
The endoplasm freezes you.
You are frozen.
* * * LOW HITPOINT WARNING * * *
Unknown command.
Casting: Inner Flame (dangerous; 4% risk of failure)
Confirm with . or Enter, or press ? or * to list all spells.
Aiming: Kiss of Death (safe; 1% risk of failure)
Press: ? - help, Shift-Dir - straight line, f/p - jelly
Aim: a jelly (flame, severely wounded, inner flame, 100% to hit)
The negative energy hits the jelly!!
The jelly is drained!
Flame seeps out of the jelly.
You feel drained.
* * * LOW HITPOINT WARNING * * *
The jelly explodes!
The fiery explosion engulfs you! You resist.
You die...

Skill      XL: |  1  2  3  4  5 |
---------------+----------------+-----
Spellcasting   | 3 4 |  4.8
Conjurations   | 3 4 |  4.8
Hexes          | 3 4 |  4.8
Summonings     | 3 4 |  4.8
Necromancy     | 3 4 |  4.8
Translocations | 3 4 |  4.8
Fire Magic     | 3 4 |  4.8
Ice Magic      | 3 4 |  4.8
Air Magic      | 3 4 |  4.8
Earth Magic    | 3 4 |  4.8
Alchemy        | 3 4 |  4.8
Fighting       | 2 3 |  3.4
Ranged Weapons | |  1.5
Dodging        | |  2.1

Action                     |  1- 3 |  4- 6 || total
---------------------------+-------+-------++-------
   Fire: Sling             |   102 |   190 ||   292
   Cast: Inner Flame       |     1 |     2 ||     3
         Jinxbite          |       |     7 ||     7
         Kiss of Death     |       |     1 ||     1
    Use: Scroll            |       |     2 ||     2
 Armour: Robe              |    25 |    82 ||   107
  Dodge: Dodged            |    45 |    96 ||   141
  Block: Other             |       |    15 ||    15

Levels and vault maps discovered:
D:1:      eino_arrival_druids_welcome, layout_rooms
D:2:      layout_basic, minmay_misc_feat_rugged, grunt_ministairs_3,
          serial_park_tiny_1, uniq_natasha
D:3:      minmay_diamond_boxcup, layout_basic,
          ebering_ecumenical_altar_abandoned, kennysheep_minor_cross,
          kennysheep_jessica_study
D:4:      cheibrodos_fertilizer, layout_layer_cave, serial_shops,
          nicolae_shop_trees, nicolae_grassy_gnolls

Notes
Turn   | Place    | Note
-------+----------+-------------------------------------------
     0 | D:1      | cforsyth the Djinni Hexslinger began the quest for the Orb.
     0 | D:1      | cforsyth set off with the following spells memorised:
                  | Jinxbite, Sigil of Binding, Inner Flame, Cause Fear,
                  | Dimensional Bullseye.
     0 | D:1      | Reached XP level 1. HP: 17/17 MP: 0/0
    59 | D:1      | Reached XP level 2. HP: 13/22 MP: 0/0
   102 | D:1      | Reached skill level 3 in Spellcasting
   102 | D:1      | Reached skill level 3 in Conjurations
   102 | D:1      | Reached skill level 3 in Hexes
   102 | D:1      | Reached skill level 3 in Summonings
   102 | D:1      | Reached skill level 3 in Necromancy
   102 | D:1      | Reached skill level 3 in Translocations
   102 | D:1      | Reached skill level 3 in Fire Magic
   102 | D:1      | Reached skill level 3 in Ice Magic
   102 | D:1      | Reached skill level 3 in Air Magic
   102 | D:1      | Reached skill level 3 in Earth Magic
   102 | D:1      | Reached skill level 3 in Alchemy
   168 | D:1      | Reached XP level 3. HP: 27/27 MP: 0/0
   168 | D:1      | Learned a level 1 spell: Kiss of Death
   642 | D:2      | Noticed Natasha
   656 | D:2      | Killed Natasha
   657 | D:2      | Reached skill level 2 in Fighting
   657 | D:2      | Reached XP level 4. HP: 22/33 MP: 0/0
  1076 | D:2      | Noticed Natasha
  1088 | D:2      | Killed Natasha
  1089 | D:2      | Reached XP level 5. HP: 16/39 MP: 0/0
  1089 | D:2      | Learned a level 2 spell: Searing Ray
  1104 | D:2      | Noticed Natasha
  1113 | D:2      | HP: 3/39 [Natasha (2)]
  1114 | D:2      | Killed Natasha
  1115 | D:2      | Reached skill level 4 in Spellcasting
  1115 | D:2      | Reached skill level 4 in Conjurations
  1115 | D:2      | Reached skill level 4 in Hexes
  1115 | D:2      | Reached skill level 4 in Summonings
  1115 | D:2      | Reached skill level 4 in Necromancy
  1115 | D:2      | Reached skill level 4 in Translocations
  1115 | D:2      | Reached skill level 4 in Fire Magic
  1115 | D:2      | Reached skill level 4 in Ice Magic
  1115 | D:2      | Reached skill level 4 in Air Magic
  1115 | D:2      | Reached skill level 4 in Earth Magic
  1115 | D:2      | Reached skill level 4 in Alchemy
  2000 | D:3      | Reached skill level 3 in Fighting
  2114 | D:3      | Noticed Jessica
  2122 | D:3      | Killed Jessica
  2123 | D:3      | Reached XP level 6. HP: 17/46 MP: 0/0
  2320 | D:3      | Found a faded altar of an unknown god.
  2488 | D:4      | Found Bekhig's Jewellery Boutique.
  3054 | D:4      | Found a sparkling altar of Nemelex Xobeh.
  3054 | D:4      | Found a white marble altar of Elyvilon.
  3054 | D:4      | Found a glowing golden altar of the Shining One.
  3054 | D:4      | Found an ornate altar of the Wu Jian Council.
  3054 | D:4      | Found a glowing golden altar of the Shining One.
  3077 | D:4      | Killed by an exploding jelly... ignited by their inner
                  | flame

Vanquished Creatures
  3 jellies (D:4)
  Jessica (D:3)
  Natasha (thrice) (D:2)
  4 adders (D:3)
  A ribbon worm (D:2)
  3 dart slugs
  An orc (D:3)
  6 endoplasms
  3 giant cockroaches
  10 goblins
  7 hobgoblins
  6 jackals
  3 quokkas (D:3)
  13 ball pythons
  5 bats
  4 frilled lizards
  13 kobolds
  6 rats
92 creatures vanquished.

Table legend: (Time is in decaauts)
 A = Elapsed time spent in this place.
 B = Non-inter-level travel time spent in this place.
 C = Inter-level travel time spent in this place.
 D = Time resting spent in this place.
 E = Time spent auto-exploring this place.
 F = Levels seen in this place.
 G = Mean time per level.
                   A        B        C        D        E       F      G
               +--------+--------+--------+--------+--------+-----+--------+
         Total |   3169 |   3123 |     46 |    151 |   2377 |   4 |  792.2 |
       Dungeon |   3169 |   3123 |     46 |    151 |   2377 |   4 |  792.2 |
               +--------+--------+--------+--------+--------+-----+--------+

Top non-repeatable levels by time:
     D:3: 1037 daAuts
     D:2: 938 daAuts
     D:4: 684 daAuts
     D:1: 508 daAuts

Table legend:
 A = Non-vault XP
 B = Vault XP
 C = Vault XP percentage of total XP
 D = Non-vault monster count
 E = Vault monster count
 F = Vault count percentage of total count
                 A         B        C        D         E       F
            +---------+---------+-------+---------+---------+-------
      Total |     258 |     214 |  45.3 |      69 |      23 |  25.0
            +---------+---------+-------+---------+---------+-------
        D:1 |      48 |       0 |   0.0 |      28 |       0 |   0.0
        D:2 |     100 |      37 |  27.0 |      16 |       2 |  11.1
        D:3 |      53 |      72 |  57.6 |      17 |       9 |  34.6
        D:4 |      57 |     105 |  64.8 |       8 |      12 |  60.0
            +---------+---------+-------+---------+---------+-------
